 Dungeon Crawl Stone Soup version 0.31-a0-1-g4198be8af4 (webtiles) character file.

Game seed: 11878695761156944569

2 subawu the Vexing (level 1, 0/12 HPs)
             Began as a Kobold Hexslinger on May 2, 2023.
             Slain by a hobgoblin (3 damage)
             ... on level 2 of the Dungeon.
             The game lasted 00:01:47 (393 turns).

subawu the Vexing (Kobold Hexslinger)                Turns: 393, Time: 00:01:48

Health: 0/12       AC:  2    Str:  7    XL:     1   Next: 33%
Magic:  2/2        EV: 11    Int: 14    God:
Gold:   46         SH:  7    Dex: 15    Spells: 1/2 levels left

rFire   . . .        a - +1 sling
rCold   . . .        g - +0 kite shield
rNeg    . . .        c - +0 robe
rPois   .            (no helmet)
rElec   .            (no cloak)
rCorr   .            (no gloves)
SInv    .            (no boots)
Will    .....        (no amulet)
Stlth   ++           (no ring)
HPRegen 0.22/turn    (no ring)
MPRegen 0.08/turn

%: no passive effects
@: no status effects
A: small, no large weapons, nightstalker 3
a: no special abilities


You were on level 2 of the Dungeon.
You visited 1 branch of the dungeon, and saw 2 of its levels.

You collected 46 gold pieces.

Inventory:

Hand Weapons
 a - a +1 sling (weapon)
 i - a +0 morningstar
Missiles
 f - 3 javelins
Armour
 c - a +0 robe (worn)
 d - a +0 scale mail
 g - a +0 kite shield (worn)
 j - a +0 pair of gloves
Scrolls
 b - a scroll of poison
 h - a scroll of acquirement {unknown}
Potions
 e - a potion of curing {unknown}


   Skills:
 + Level 1.1 Fighting
 + Level 2.6 Ranged Weapons
 + Level 2.4 Dodging
 + Level 1.1 Spellcasting
 + Level 3.1 Hexes


You had one spell level left.
You knew the following spells:

 Your Spells              Type           Power      Damage    Failure   Level
a - Slow                  Hex            36%        N/A       52%         1

Your spell library contained the following spells:

 Spells                   Type           Power      Damage    Failure   Level
 Inner Flame              Hex/Fire       5%         N/A       98%         3
 Portal Projectile        Hex/Tloc       10%        N/A       98%         3
 Cause Fear               Hex            4%         N/A       99%         4


Dungeon Overview and Level Annotations

Branches:
Dungeon (1/15)

Altars:


Innate Abilities, Weirdness & Mutations

You are small and have problems with some larger weapons.
You are completely attuned to the shadows.


Message History

You fall into a shaft and drop 1 floor!
The shaft crumbles and collapses.
Found 13 gold pieces.
Found a morningstar.
Found a scroll labelled FOW QYISESKI.
You now have 35 gold pieces (gained 13).
A bat and a frilled lizard come into view.
Found a pair of gloves and 11 gold pieces.
You see here a +0 morningstar.
h - a scroll labelled FOW QYISESKI You see here a +0 morningstar.
i - a +0 morningstar The frilled lizard hisses angrily.
An endoplasm comes into view.
You see here a +0 pair of gloves.
j - a +0 pair of gloves You see here 11 gold pieces.
You now have 46 gold pieces (gained 11).
You shoot a sling bullet.
The sling bullet hits the frilled lizard.
You kill the frilled lizard!
You hear a shout!
A hobgoblin comes into view.
The endoplasm freezes you.
You are frozen.
You shoot a sling bullet. The sling bullet hits the endoplasm.
The endoplasm is almost dead.
The endoplasm jiggles.
You block the endoplasm's attack. The endoplasm hits you.
The hobgoblin hits you.
You shoot a sling bullet. The sling bullet hits the endoplasm.
The endoplasm is almost dead.
The hobgoblin hits you. The endoplasm freezes you.
You are frozen.
* * * LOW HITPOINT WARNING * * *
You shoot a sling bullet. The sling bullet hits the endoplasm.
You kill the endoplasm!
The hobgoblin hits you.
You die...

.. .# ##.#.#
#..#.. ##g#
#.## ###†@#
#..###
####...##
#...####
####....###.
###....####
..........bJ
####.....
####.b..###.
###....####
####...##
##...####
###..#
#..###
##.###.##
#..#..#


You could see a hobgoblin.

Vanquished Creatures
  2 endoplasms
  A frilled lizard (D:2)
3 creatures vanquished.

Notes
Turn   | Place    | Note
-------+----------+-------------------------------------------
     0 | D:1      | subawu the Kobold Hexslinger began the quest for the Orb.
     0 | D:1      | Reached XP level 1. HP: 12/12 MP: 2/2
   326 | D:1      | You fall into a shaft and drop 1 floor!
   393 | D:2      | Slain by a hobgoblin

Illustrated notes

Levels and vault maps discovered:
D:1:      saegor_arrival_simple_d, layout_rooms, hangedman_decor_lopped
D:2:      minmay_general_purpose_star, layout_loops_ring,
          kennysheep_generic_room_16

Action                     || total
---------------------------++-------
   Fire: Sling             ||     9
   Cast: Slow              ||     1
  Dodge: Dodged            ||     3
  Block: Kite shield       ||     1

Table legend: (Time is in decaauts)
 A = Elapsed time spent in this place.
 B = Non-inter-level travel time spent in this place.
 C = Inter-level travel time spent in this place.
 D = Time resting spent in this place.
 E = Time spent auto-exploring this place.
 F = Levels seen in this place.
 G = Mean time per level.
                   A        B        C        D        E       F      G
               +--------+--------+--------+--------+--------+-----+--------+
         Total |    395 |    387 |      8 |    116 |      0 |   2 |  197.5 |
       Dungeon |    395 |    387 |      8 |    116 |      0 |   2 |  197.5 |
               +--------+--------+--------+--------+--------+-----+--------+

Top non-repeatable levels by time:
     D:1: 327 daAuts
     D:2: 68 daAuts
